 Dungeon Crawl Stone Soup version 0.22-a0-469-gf26638a71f (webtiles) character file.

672 Manul the Slasher (level 7, 0/52 HPs)
             Began as a Demonspawn Gladiator on June 12, 2018.
             Shot with an arrow by a centaur (3 damage)
             ... on level 5 of the Dungeon.
             The game lasted 00:03:48 (3483 turns).

Manul the Slasher (Demonspawn Gladiator)            Turns: 3483, Time: 00:03:49

Health: 0/52       AC: 11    Str: 14    XL:     7   Next: 32%
Magic:  7/7        EV: 12    Int: 12    God:
Gold:   269        SH:  0    Dex: 16    Spells: 6/6 levels left

rFire    + . .     SeeInvis .   j - +0 scythe (venom)
rCold    . . .     Gourm    .   (shield currently unavailable)
rNeg     . . .     Faith    .   k - +2 ring mail {rF+}
rPois    .         Spirit   .   (helmet restricted)
rElec    .         Reflect  .   (no cloak)
rCorr    +         Harm     .   x - +0 pair of gloves (curse)
MR       .....                  (no boots)
Stlth    ++........             (no amulet)
HPRegen  0.17/turn              z - +2 ring of intelligence
MPRegen  0.10/turn              w - ring of resist corrosion

@: no status effects
A: horns 2, thin metallic scales 2, spiny 1
a: no special abilities


You were on level 5 of the Dungeon.
You were not hungry.

You visited 1 branch of the dungeon, and saw 5 of its levels.

You collected 269 gold pieces.

Inventory:

Hand Weapons
 a - a +0 long sword
 j - a +0 scythe of venom (weapon)
 u - a +0 blowgun
Missiles
 d - 3 throwing nets (quivered)
 v - 7 curare-tipped needles
Armour
 b - a +0 leather armour
 c - a +0 helmet
 e - a +0 ring mail
 k - a +2 ring mail of fire resistance (worn)
 x - a cursed +0 pair of gloves (worn)
Jewellery
 g - an uncursed ring of magical power
 i - a +5 ring of intelligence
 w - a ring of resist corrosion (right hand)
 z - a +2 ring of intelligence (left hand)
Wands
 h - a wand of random effects (22)
 p - a wand of paralysis (8)
Scrolls
 m - a scroll of identify
 n - 4 scrolls of magic mapping
 q - 3 scrolls of teleportation
 r - 2 scrolls of immolation
 t - 2 scrolls of fog {unknown}
 y - a scroll of amnesia
Potions
 l - a potion of degeneration {unknown}
 o - 2 potions of might
 s - a potion of invisibility
 B - a potion of berserk rage
Comestibles
 f - 9 rations
 A - 3 chunks of flesh


   Skills:
 + Level 3.2 Fighting
 + Level 4.2 Long Blades
 + Level 3.1 Polearms
 + Level 2.0 Throwing
 + Level 2.9 Armour
 + Level 3.8 Dodging
 + Level 2.4 Stealth


You had 6 spell levels left.
You didn't know any spells.
Your spell library was empty.

Dungeon Overview and Level Annotations

Branches:
Dungeon (5/15)
 Temple: D:4-7

Altars:
Kikubaaqudgha

Annotations:
D:5 Sergey's ghost, novice TrEn


Innate Abilities, Weirdness & Mutations

You have a pair of horns on your head.
You are mostly covered in thin metallic scales. (AC +3)
You are partially covered in sharp spines.


Message History

The centaur wields a runed shortbow.
It is covered in frost.
The centaur shoots an arrow.
The arrow hits you! The arrow freezes you.
You see here an arrow.
The centaur shoots an arrow.
The arrow hits you. The arrow freezes you.
You see here an arrow.
You are too injured to fight recklessly!
You are too injured to fight recklessly!
You are too injured to fight recklessly!
Unknown command.
The centaur shoots an arrow.
The arrow hits you but does no damage.
You see here an arrow.
There is a stone staircase leading up here.
The centaur shoots an arrow.
The arrow hits you!
* * * LOW HITPOINT WARNING * * *
The arrow freezes you.
* * * LOW HITPOINT WARNING * * *
The centaur shoots an arrow.
The arrow hits you!
* * * LOW HITPOINT WARNING * * *
The arrow freezes you.
You die...

.... ...##
#..%####
#......#
#...##.#
...##c####
#..#....#...
#@.#(......#
#..c.......#
##..#.......
##%###.....
..# ##..#
.... .#
.....# #
.......
....<.#.#


You could see a centaur.

Vanquished Creatures
  Sigmund (D:2)
  The ghost of Foic the Caller, an amateur BaSu (D:4)
  An ogre (D:4)
  A crimson imp (D:3)
  2 hounds (D:4)
  3 worker ants (D:4)
  6 adders
  A gnoll (D:4)
  An ooze (D:1)
  An adder skeleton (D:4)
  3 worms
  5 dart slugs
  4 leopard geckos
  3 orcs
  A ball python (D:3)
  4 bats
  4 giant cockroaches
  7 goblins
  2 hobgoblins (D:2)
  4 jackals
  2 kobolds (D:3)
  A ball python skeleton (D:4)
  6 frilled lizards
  A jackal skeleton (D:4)
  5 rats
70 creatures vanquished.

Notes
Turn   | Place    | Note
-------+----------+-------------------------------------------
     0 | D:1      | Manul the Demonspawn Gladiator began the quest for the Orb.
     0 | D:1      | Reached XP level 1. HP: 16/16 MP: 1/1
   125 | D:1      | Reached skill level 3 in Long Blades
   133 | D:1      | Gained mutation: You have a pair of small horns on your head. [demonic ancestry]
   133 | D:1      | Reached XP level 2. HP: 17/22 MP: 2/2
   726 | D:2      | Noticed Sigmund
  1132 | D:2      | Killed Sigmund
  1132 | D:2      | Reached skill level 4 in Long Blades
  1132 | D:2      | Reached skill level 1 in Armour
  1132 | D:2      | Reached skill level 1 in Stealth
  1132 | D:2      | Gained mutation: You are partially covered in sharp spines. [demonic ancestry]
  1132 | D:2      | Reached XP level 3. HP: 10/28 MP: 3/3
  1132 | D:2      | Reached XP level 4. HP: 12/34 MP: 4/4
  1132 | D:2      | Gained mutation: You have a pair of horns on your head. [demonic ancestry]
  1132 | D:2      | Reached XP level 5. HP: 14/39 MP: 5/5
  1463 | D:2      | Found an ancient bone altar of Kikubaaqudgha.
  2160 | D:3      | Reached skill level 1 in Polearms
  2306 | D:3      | Gained mutation: You are partially covered in thin metallic scales. (AC +2) [demonic ancestry]
  2306 | D:3      | Reached XP level 6. HP: 46/46 MP: 6/6
  2708 | D:4      | Noticed Foic's ghost (amateur BaSu)
  3059 | D:4      | Gained mutation: You are mostly covered in thin metallic scales. (AC +3) [demonic ancestry]
  3059 | D:4      | Reached XP level 7. HP: 52/52 MP: 7/7
  3303 | D:4      | Killed Foic's ghost
  3425 | D:5      | Entered Level 5 of the Dungeon
  3477 | D:5      | Noticed Sergey's ghost (novice TrEn)
  3483 | D:5      | Shot with an arrow by a centaur

Vault maps used:
D:1:      grunt_arrival_lava_bath
D:2:      kb_forest_paths, marbit_many_paths, mrwooster_statue_mirror,
          uniq_sigmund
D:3:      minmay_diamond_boxcup, first_ration
D:5:      minmay_temple_entry_glassed_door, serial_shops,
          nicolae_shop_statue_plus, minmay_misc_feat_doors, grunt_qazlal_clouds

Skill      XL: |  1  2  3  4  5  6  7 |
---------------+----------------------+-----
Long Blades    | 3 4 |  4.2
Throwing       | 2 |  2.0
Armour         | 1 2 |  2.9
Dodging        | 3 |  3.8
Stealth        | 1 2 |  2.4
Polearms       | 1 2 3 |  3.1
Fighting       | 3 |  3.2

Action                   |  1- 3 |  4- 6 |  7- 9 || total
-------------------------+-------+-------+-------++-------
Melee: Long sword        |    37 |       |       ||    37
       Headbutt          |     1 |     7 |     2 ||    10
       Scythe            |       |    82 |    13 ||    95
  Use: Potion            |     6 |     1 |       ||     7
       Scroll            |     4 |       |     3 ||     7
 Stab: Sleeping          |     1 |     8 |       ||     9
       Invisible         |     1 |       |       ||     1
       Distracted        |       |       |     1 ||     1
  Eat: Chunk             |     1 |     6 |     1 ||     8
Armor: Leather armour    |     8 |       |       ||     8
       Ring mail         |       |    26 |     9 ||    35
Dodge: Dodged            |    19 |    52 |     2 ||    73
       Rpst.: Long sword |     5 |       |       ||     5

Table legend:
 A = Spawn XP
 B = Non-spawn XP
 C = Spawn XP percentage of total XP
 D = Spawn monster count
 E = Non-spawn monster count
 F = Spawn count percentage of total count
 G = Total turns spent on level
                    A         B        C        D         E        F      G
               +---------+---------+-------+---------+---------+-------+---------
         Total |       0 |     961 |   0.0 |       0 |      70 |   0.0 |  3483
               +---------+---------+-------+---------+---------+-------+---------
           D:1 |       0 |      27 |   0.0 |       0 |      11 |   0.0 |   568
           D:2 |       0 |     270 |   0.0 |       0 |      14 |   0.0 |  1322
           D:3 |       0 |     115 |   0.0 |       0 |      22 |   0.0 |   738
           D:4 |       0 |     549 |   0.0 |       0 |      23 |   0.0 |   845
               +---------+---------+-------+---------+---------+-------+---------
